Map: 포트 알렉산더 - 래더

Players

JinairRogue (Rogue) - Winner!

  • Race: Zerg Zerg
  • League: Master
  • Spawn Location: 5:00

Zest

  • Race: Protoss Protoss
  • League: Master
  • Spawn Location: 11:00

Event: IEM Season 13 - Katowice Server Qualifiers Asia 1

VOD

Have the link to the VOD?

Description

Time

  • Played on: Jan. 14, 2019, 5:28 a.m.
  • Length: 10:51

All games in this series

Show
View Real Time Build Order
Export as new Build Order

JinairRogue Zerg - Winner!

Build Orders: Hatch First 

Get SALT Encoding   

  12  0:00  Drone  
  13  0:12  Overlord  
  13  0:17  Drone  
  14  0:31  Drone x2  
  16  0:49  Hatchery  
  15  0:52  Drone  
  15  0:55  Drone  
  17  0:59  Drone  
  18  1:10  Extractor  
  17  1:15  Spawning Pool  
  17  1:18  Drone  
  17  1:21  Drone  
  18  1:29  Drone  
  19  1:40  Drone  
  20  1:49  Hatchery  
  20  1:53  Drone  
  20  2:02  Queen  
  20  2:06  Drone  
  23  2:10  Drone  
  23  2:14  Drone  
  25  2:16  Drone  
  25  2:21  Metabolic Boost  
  26  2:26  Overlord  
  26  2:33  Zergling x4  
  28  2:44  Queen  
  28  2:47  Zergling x2  
  28  2:50  Queen  
  33  2:55  Zergling x6  
  36  3:03  Queen  
  38  3:06  Overlord  
  38  3:11  Drone x2  
  40  3:15  Drone x2  
  42  3:28  Queen  
  42  3:30  Drone x3  
  47  3:35  Overlord  
  47  3:42  Spore Crawler  
  47  3:43  Drone  
  47  3:44  Drone  
  47  3:46  Spore Crawler  
  47  3:47  Drone  
  48  3:49  Drone  
  48  3:50  Drone  
  50  3:56  Drone  
  50  3:57  Drone x2  
  53  4:06  Evolution Chamber, Drone x2  
  53  4:08  Spore Crawler  
  53  4:15  Drone x5  
  56  4:18  Drone x2  
  56  4:23  Overlord  
  56  4:25  Drone x2  
  58  4:32  Zerg Missile Weapons Level 1  
  58  4:35  Drone  
  58  4:37  Overlord  
  58  4:43  Drone x7  
  65  4:50  Drone  
  65  4:52  Overlord  
  66  4:54  Lair, Extractor  
  66  4:55  Extractor  
  64  5:00  Roach Warren  
  64  5:02  Drone  
  64  5:03  Drone x2  
  64  5:05  Drone  
  64  5:06  Drone  
  64  5:07  Drone x2  
  66  5:13  Drone x4  
  71  5:21  Overlord  
  71  5:26  Overlord  
  71  5:27  Extractor x2  
  68  5:29  Drone x6  
  74  5:37  Overlord  
  74  5:38  Overlord  
  74  5:44  Roach x4  
  74  5:47  Roach x3  
  74  5:48  Roach  
  90  5:55  Roach x3  
  95  5:59  Glial Reconstitution  
  94  6:06  Roach  
  94  6:07  Roach x4  
  103  6:12  Hydralisk Den  
  103  6:18  Extractor  
  103  6:19  Drone x5  
  103  6:20  Drone x2  
  103  6:23  Overlord  
  103  6:24  Overlord x2  
  106  6:29  Overseer  
  106  6:30  Zerg Missile Weapons Level 2  
  104  6:37  Spire  
  103  6:42  Drone x5  
  108  6:53  Roach x6  
  119  6:56  Roach  
  115  7:05  Roach x3  
  115  7:07  Roach  
  117  7:09  Roach  
  117  7:12  Roach  
  119  7:19  Drone  
  119  7:20  Drone x5  
  122  7:27  Queen  
  123  7:37  Overlord  
  123  7:38  Overlord  
  123  7:48  Drone x3  
  123  7:49  Hatchery  
  122  7:51  Drone  
  122  7:53  Infestation Pit  
  118  7:59  Overseer  
  118  8:02  Drone x5  
  118  8:05  Overlord x2  
  119  8:08  Zergling x2  
  119  8:09  Zergling x10  
  119  8:10  Zergling x2  
  118  8:17  Roach  
  120  8:25  Roach x3  
  126  8:30  Ravager x7  
  133  8:34  Hatchery  
  133  8:36  Roach  
  133  8:37  Roach x6  
  133  8:38  Roach  
  148  8:43  Roach x3  
  148  8:47  Overlord x2  
  154  9:07  Mutalisk x7  
  166  9:16  Mutalisk  
  165  9:20  Queen  
  165  9:24  Drone x2  
  165  9:25  Overlord x2  
  167  9:34  Extractor  
  167  9:35  Drone  
  167  9:36  Overlord x2  
  167  9:37  Extractor  
  166  9:42  Hydralisk Den  
  165  9:52  Roach  
  175  9:53  Roach x7  
  175  9:54  Overlord x3  
  175  9:58  Ravager x3  
  175  9:59  Ravager  
  185  10:08  Ravager x2  
  185  10:15  Roach x5  
  185  10:16  Roach  
Show
View Real Time Build Order
Export as new Build Order

Zest Protoss 

Build Orders: 1 Gate Expand, Oracle Opening, Archon Immortal, Archon Drop 

Get SALT Encoding   

  12  0:00  Probe  
  13  0:12  Probe  
  14  0:18  Pylon  
  14  0:24  Probe  
  15  0:32  Probe  
  15  0:39  Gateway  
  15  0:41  Probe  
  16  0:47  Assimilator  
  17  0:51  Probe  
  18  1:03  Probe  
  19  1:15  Probe  
  20  1:25  Nexus  
  20  1:35  Cybernetics Core  
  20  1:39  Probe  
  21  1:43  Assimilator  
  21  1:51  Probe  
  22  1:54  Pylon  
  22  2:03  Probe, Adept  
  23  2:15  Stargate  
  25  2:17  Probe  
  25  2:21  Adept  
  25  2:22  Warp Gate  
  26  2:29  Probe  
  29  2:37  Probe  
  29  2:42  Probe  
  31  2:47  Adept  
  31  2:49  Probe  
  34  2:51  Oracle  
  34  2:54  Probe  
  35  3:01  Probe  
  39  3:08  Probe  
  40  3:13  Probe  
  40  3:14  Pylon  
  40  3:19  Oracle  
  41  3:21  Probe  
  41  3:25  Assimilator  
  42  3:27  Assimilator  
  42  3:30  Probe  
  42  3:33  Probe  
  47  3:39  Gateway  
  47  3:47  Probe  
  48  3:48  Probe  
  48  3:50  Robotics Facility  
  49  3:59  Probe x2  
  50  4:03  Pylon  
  50  4:07  Twilight Council  
  50  4:09  Probe  
  51  4:11  Probe  
  53  4:22  Probe  
  54  4:24  Pylon  
  54  4:32  Warp Prism  
  54  4:35  Gateway  
  54  4:36  Gateway  
  54  4:42  Probe x2  
  58  4:47  Charge, Templar Archives  
  58  4:55  Pylon  
  58  5:11  Gateway  
  58  5:12  Gateway, Pylon  
  58  5:14  Zealot x2  
  58  5:20  Pylon  
  62  5:39  High Templar x4  
  62  5:41  Nexus  
  70  5:43  Archon x2  
  70  5:52  Pylon  
  70  5:54  Pylon  
  70  6:08  Probe x2  
  70  6:11  Zealot x5  
  74  6:12  Zealot  
  74  6:14  Immortal  
  85  6:37  Pylon  
  85  6:45  Zealot x2  
  85  6:46  Zealot x4  
  95  7:01  Probe x2  
  95  7:04  Immortal  
  89  7:14  Probe x2  
  81  7:20  Probe  
  84  7:22  Sentry  
  84  7:23  Sentry x3, High Templar x2  
  84  7:26  Probe  
  84  7:29  Gateway x2  
  97  7:30  Immortal  
  97  7:33  Gateway  
  97  7:34  Probe x2  
  97  7:43  Gateway  
  99  7:52  Archon  
  99  7:53  Zealot x4  
  99  7:58  Zealot x2  
  109  8:05  Immortal  
  101  8:19  High Templar x4, Zealot x2  
  113  8:21  Psionic Storm  
  113  8:31  Archon x2  
  113  8:38  Probe x2  
  113  8:39  Probe  
  113  8:40  Assimilator  
  116  8:42  Assimilator  
  116  8:53  Probe x3  
  119  8:55  High Templar x2  
  119  8:57  Pylon  
  119  8:58  Pylon  
  119  9:00  Pylon  
  123  9:07  High Templar  
  125  9:10  Shield Battery  
  125  9:11  Shield Battery  
  125  9:14  Pylon  
  125  9:19  High Templar  
  127  9:24  Observer  
  127  9:25  Zealot x5  
  138  9:40  High Templar x2  
  138  9:43  Pylon  
  138  9:45  Pylon  
  142  9:47  Pylon  
  142  9:49  Pylon  
  142  9:52  Stalker x6  
  153  10:13  Zealot x4  
  112  10:37  Stalker x2  
  112  10:38  Stalker x5  
  120  10:45  Archon  

Tags
 
Add a new tag
Caveats
  • Supply blocks, unpowered buildings, or Contaminate may cause inaccurate times.
  • Supply counts are checked every 10 seconds.